 Dungeon Crawl Stone Soup version 0.17-a0-1970-g7a13dd1 (webtiles) character file.

3761 vatarom the Nimble (level 9, -1/89 HPs)
             Began as a Troll Chaos Knight on Oct 4, 2015.
             Slain by a killer bee (3 damage)
             ... on level 9 of the Dungeon.
             The game lasted 00:21:54 (6869 turns).

vatarom the Nimble (Troll Chaos Knight)             Turns: 6869, Time: 00:21:55

Health: -1/89      AC:  5    Str: 22    XL:     9   Next: 94%
Magic:  8/8        EV: 16    Int: 12    God:    Xom [.*....]
Gold:   316        SH:  0    Dex: 15    Spells: 0 memorised, 8 levels left

rFire  + . .     SeeInvis .       - Unarmed
rCold  . . .     Rnd*Rage +     c - +0 robe {rF+}
rNeg   . . .     SustAt   .     (no shield)
rPois  .         Gourm    +     (helmet restricted)
rElec  .         Spirit   .     (no cloak)
rCorr  .         Warding  .     (gloves unavailable)
rMut   .         Stasis   .     (boots unavailable)
MR     .....                    (no amulet)
Stlth  +.........               h - +3 ring of dexterity
                                n - +4 ring of intelligence

@: lethally poisoned (-1 -> -7), exhausted, about to teleport, slowed, very
slow, not resistant to hostile enchantments, very unstealthy
A: unfitting armour, claws 3, berserk 1, fast metabolism 3, gourmand,
regeneration 2, shaggy fur 1, tough skin 2
a: Renounce Religion


You were on level 9 of the Dungeon.
You worshipped Xom.
You were a plaything of Xom.
You were very hungry.

You visited 1 branch of the dungeon, and saw 9 of its levels.

You collected 316 gold pieces.

Inventory:

Armour
 a - a +2 robe
 c - a +0 robe of fire resistance (worn)
Jewellery
 h - a +3 ring of dexterity (right claw)
 n - a +4 ring of intelligence (left claw)
 o - an uncursed ring of magical power
 p - an uncursed ring of magical power
Magical devices
 e - a wand of random effects (17)
Scrolls
 d - 7 scrolls of remove curse
 f - 2 scrolls of fog
 g - 4 scrolls of amnesia
 j - 7 scrolls of identify
 s - 3 scrolls of teleportation
 u - a scroll of enchant armour
 x - 2 scrolls of recharging
Potions
 t - 2 potions of resistance
 w - a potion of might
Comestibles
 b - 5 bread rations
 i - 4 fruits
 k - 2 chunks of flesh
 l - 2 meat rations
 m - 2 beef jerkies
 r - a slice of pizza


   Skills:
 + Level 5.9 Fighting
 - Level 4.0 Throwing
 * Level 10.1 Dodging
 - Level 3.0 Unarmed Combat


You had 8 spell levels left.
You didn't know any spells.

Dungeon Overview and Level Annotations

Branches:
Dungeon (9/15)             Temple (0/1) D:4            Lair (0/8) D:8
    Orc: D:9-12

Altars:
Ashenzari
Cheibriados
Elyvilon
Kikubaaqudgha
Makhleb
Qazlal
Ru
Xom

Portals:
Sewer: D:5


Innate Abilities, Weirdness & Mutations

You are too large for most types of armour.
You have claws for hands.
Your metabolism is lightning-fast.
You like to eat raw meat.
You heal very quickly.
You are covered in fur (AC +1).
You have very tough skin (AC +2).
You tend to lose your temper in combat.


Message History

As you read the scroll of teleportation, it crumbles to dust.
You feel strangely unstable.
You are feeling very hungry.
You feel sick. The killer bee stings you!
* * * LOW HITPOINT WARNING * * *
The killer bee stings you!
* * * LOW HITPOINT WARNING * * *
The killer bee stings you but does no damage.
The killer bee stings you.
* * * LOW HITPOINT WARNING * * *
The killer bee closely misses you. The killer bee barely misses you.
Your crimson imp hits the killer bee.
The killer bee closely misses you. The killer bee misses you.
The killer bee closely misses you.
You feel sick. The killer bee closely misses you.
The killer bee closely misses you. The killer bee stings you.
* * * LOW HITPOINT WARNING * * *
You are lethally poisoned!
The killer bee poisons you! The killer bee completely misses you.
The killer bee stings you.
You die...

................ ..........>.
................ .........(.
.............>.. ...........
................ #.........
................ #........###
................
#........#.#########'##......
#........#รท...........#......
#......<.').@)......###......
#........#)yyy......# .......
#........+..5...)...# .......
.........####'#######........
..........5......$...........
.......###................)..
####... #...<........ #...
#............ #.........###


You could see 3 killer bees and a friendly crimson imp.

Vanquished Creatures
  A two-headed ogre (D:8)
  A troll (D:8)
  A spriggan (D:7)
  3 wolves
  A black bear (D:7)
  2 ice beasts
  An orc warrior (D:6)
  3 centaurs (D:7)
  A necrophage (D:6)
  2 ogres
  A phantom (D:4)
  3 giant frogs
  A wyvern zombie (D:7)
  A scorpion (D:6)
  An electric eel (D:8)
  3 wights (D:7)
  3 crimson imps
  9 hounds
  2 centaur skeletons (D:4)
  A jelly (D:8)
  3 orc wizards
  7 worker ants
  2 iguanas
  A worker ant zombie (D:8)
  A hound skeleton (D:7)
  Robin (D:4)
  11 gnolls
  2 river rats (D:5)
  14 adders
  2 oozes
  An adder skeleton (D:8)
  2 worms
  5 giant geckos
  27 orcs
  10 bats
  A giant cockroach (D:3)
  13 goblins
  10 hobgoblins
  3 jackals
  6 kobolds
  4 quokkas
  2 ball pythons
  7 giant newts
  7 rats
183 creatures vanquished.

Vanquished Creatures (collateral kills)
  Pikel (D:7)
  A scorpion (D:7)
  2 killer bees (D:9)
  A goblin (D:4)
5 creatures vanquished.

Vanquished Creatures (others)
  4 wights (D:7)
  A giant frog zombie (D:7)
  A worker ant (D:7)
  2 gnolls (D:7)
  An adder (shapeshifter) (D:7)
  A giant gecko (D:7)
10 creatures vanquished.

Grand Total: 198 creatures vanquished

Notes
Turn   | Place    | Note
--------------------------------------------------------------
     0 | D:1      | vatarom the Troll Chaos Knight began the quest for the Orb.
     0 | D:1      | Reached XP level 1. HP: 22/22 MP: 0/0
   195 | D:1      | Reached XP level 2. HP: 27/29 MP: 1/1
   293 | D:1      | XOM: harmless Erth miscast
   335 | D:1      | XOM: harmless Ice miscast
   818 | D:2      | XOM: silly message
   831 | D:2      | Reached XP level 3. HP: 33/36 MP: 2/2
  1079 | D:2      | Reached skill level 1 in Throwing
  1309 | D:3      | XOM: harmless Hex miscast
  1376 | D:3      | Reached XP level 4. HP: 44/44 MP: 3/3
  1473 | D:3      | XOM: potion effect (berserk rage)
  1677 | D:3      | Found a shattered altar of Ashenzari.
  1678 | D:3      | Found a white marble altar of Elyvilon.
  1678 | D:3      | Found a sacrificial altar of Ru.
  1681 | D:3      | Found a snail-covered altar of Cheibriados.
  1935 | D:3      | XOM: divination: detect creatures
  2259 | D:3      | XOM: divination: detect creatures
  2385 | D:4      | Reached XP level 5. HP: 48/50 MP: 4/4
  2387 | D:4      | Reached skill level 4 in Dodging
  2539 | D:4      | Found a burning altar of Makhleb.
  2589 | D:4      | XOM: divination: magic mapping
  2595 | D:4      | Reached XP level 6. HP: 48/59 MP: 5/5
  2803 | D:4      | Noticed Robin
  2811 | D:4      | XOM: confuse monster(s)
  2840 | D:4      | Killed Robin
  2840 | D:4      | Reached skill level 5 in Dodging
  2915 | D:4      | XOM: harmless Air miscast
  2996 | D:4      | XOM: noise
  3018 | D:4      | Noticed an ogre
  3023 | D:4      | Killed an ogre
  3033 | D:4      | Found a staircase to the Ecumenical Temple.
  3039 | D:4      | XOM: divination: magic mapping
  3041 | D:4      | Reached XP level 7. HP: 51/66 MP: 6/6
  3129 | D:4      | XOM: colour smoke trail
  3145 | D:4      | XOM: divination: magic mapping
  3202 | D:4      | XOM: scenery: create altars
  3502 | D:5      | Entered Level 5 of the Dungeon
  3504 | D:5      | Found a glowing drain.
  3526 | D:5      | XOM: polymorph giant cockroach -> bat
  3533 | D:5      | Reached skill level 6 in Dodging
  3962 | D:5      | Found a stormy altar of Qazlal.
  4109 | D:6      | Got a steaming mace
  4111 | D:6      | Identified the +6 mace "Jyjam" {elec, *Confuse Str+2 Int+5 Dex+4} (You found it on level 6 of the Dungeon)
  4151 | D:6      | XOM: summons friendly crimson imp
  4306 | D:6      | Reached XP level 8. HP: 58/74 MP: 7/7
  4468 | D:6      | Reached skill level 7 in Dodging
  4684 | D:7      | XOM: enchant monster (good)
  4706 | D:7      | XOM: divination: magic mapping
  4709 | D:7      | XOM: harmless Erth miscast
  4714 | D:7      | XOM: destruction
  4723 | D:7      | XOM: summons friendly shadow imp
  4724 | D:7      | XOM: swap monsters
  4837 | D:7      | Noticed Pikel
  4840 | D:7      | XOM: summons 6 friendly demons
  4851 | D:7      | Killed Pikel
  4851 | D:7      | Reached skill level 8 in Dodging
  4889 | D:7      | XOM: summons friendly iron imp
  5005 | D:7      | Reached XP level 9. HP: 58/85 MP: 8/8
  5245 | D:7      | Found an ancient bone altar of Kikubaaqudgha.
  5258 | D:7      | XOM: chaos cloud
  5277 | D:7      | Paralysed by you for 6 turns
  5282 | D:7      | HP: 4/85 [river rat (shapeshifter) (2)]
  5474 | D:6      | XOM: severe Chrm miscast
  5806 | D:8      | Reached skill level 5 in Fighting
  5806 | D:8      | Reached skill level 9 in Dodging
  5818 | D:7      | XOM: confuse monster(s)
  5822 | D:7      | XOM: confuse monster(s)
  5908 | D:8      | XOM: chaos upgrade
  5989 | D:8      | Found a staircase to the Lair.
  6126 | D:8      | Reached skill level 10 in Dodging
  6541 | D:8      | XOM: scenery: create altars
  6765 | D:9      | XOM: swap monsters
  6831 | D:9      | XOM: summons 1 hostile demon
  6849 | D:9      | Gained mutation: You are weak. (Str -2) [potion of mutation]
  6849 | D:9      | Lost mutation: You are weak. (Str -2) [potion of mutation]
  6849 | D:9      | Gained mutation: You tend to lose your temper in combat. [potion of mutation]
  6849 | D:9      | XOM: summons 3 friendly demons
  6869 | D:9      | HP: 2/89 [killer bee (5)]
  6869 | D:9      | Slain by a killer bee

Vault maps used:
D:1:      dpeg_arrival_simpleton_b
D:2:      first_bread
D:3:      minitemple, serial_bayou_pond_c
D:4:      temple_doors_e, makhleb_heckhound_becter, uniq_robin
D:5:      overflow_temple_1_default, portal_sewer_entry_a
D:7:      lemuel_crystal_altar, the_bakery, uniq_pikel
D:8:      erik_lair_island, hex_medium
D:9:      xom_teletrap_fun, kennysheep_small_circle

Action                   |  1- 3 |  4- 6 |  7- 9 || total
-------------------------+-------+-------+-------++-------
Melee: Unarmed           |    87 |   196 |   336 ||   619
       Mace              |       |       |    82 ||    82
Evoke: Wand              |     1 |       |    21 ||    22
  Use: Potion            |     2 |       |    10 ||    12
       Scroll            |     3 |     2 |     9 ||    14
 Stab: Sleeping          |       |     2 |     2 ||     4
       Confused          |       |     1 |     3 ||     4
  Eat: Bread ration      |     1 |       |     4 ||     5
       Chunk             |     7 |    15 |    19 ||    41
